 Dungeon Crawl Stone Soup version 0.19-b1-3-g7dea586 (webtiles) character file.

119 beholder the Charmwright (level 4, 0/29 HPs)
             Began as a High Elf Skald on Oct 28, 2016.
             Slain by an orc
             ... wielding a +0 mace
              (4 damage)
             ... on level 3 of the Dungeon.
             The game lasted 00:09:15 (1611 turns).

beholder the Charmwright (High Elf Skald)           Turns: 1611, Time: 00:09:15

Health: 0/29       AC:  5    Str: 12    XL:     4   Next: 73%
Magic:  0/11       EV: 11    Int: 15    God:
Gold:   156        SH:  0    Dex: 15    Spells: 5 memorised, 0 levels left

rFire  . . .     SeeInvis .     a - +0 falchion
rCold  . . .     Gourm    .     b - +0 leather armour
rNeg   . . .     Faith    .     (no shield)
rPois  .         Spirit   .     o - +2 hat
rElec  .         Reflect  .     (no cloak)
rCorr  .         Harm     .     (no gloves)
MR     .....                    (no boots)
Stlth  +.........               (no amulet)
                                (no ring)
                                (no ring)

@: singing, very slightly contaminated, regenerating
A: no striking features
a: Stop Singing


You were on level 3 of the Dungeon.
You were not hungry.

You visited 1 branch of the dungeon, and saw 3 of its levels.

You collected 156 gold pieces.

Inventory:

Hand Weapons
 a - a +0 falchion (weapon)
Armour
 b - a +0 leather armour (worn)
 o - a +2 hat (worn)
Scrolls
 f - 4 scrolls of remove curse
 h - 4 scrolls of identify {unknown}
 i - a scroll of enchant armour {unknown}
 m - 3 scrolls of teleportation {unknown}
 n - a scroll of immolation {unknown}
Potions
 e - a potion of resistance {unknown}
 j - 2 potions of heal wounds {unknown}
 k - a potion of flight {unknown}
Books
 c - a book of Battle

   Spells                             Type                      Level
   a - Infusion                       Charms                       1
   b - Shroud of Golubria             Charms/Translocation         2
   c - Song of Slaying                Charms                       2
   d - Spectral Weapon                Hexes/Charms                 3
   e - Regeneration                   Charms/Necromancy            3
Comestibles
 d - 5 bread rations
 g - 4 fruits
 l - 12 chunks of flesh


   Skills:
 - Level 2.0 Fighting
 - Level 2.4 Long Blades
 - Level 0.8 Armour
 - Level 1.1 Dodging
 - Level 4.0 Spellcasting
 + Level 5.6 Charms


You couldn't memorise any spells.
You knew the following spells:

 Your Spells              Type           Power        Failure   Level  Hunger
a - Infusion              Chrm           ###.         2%          1    None
g - Shroud of Golubria    Chrm/Tloc      ##........   14%         2    ##.....
r - Regeneration          Chrm/Necr      ##........   24%         3    ###....
s - Song of Slaying       Chrm           ###.....     3%          2    ##.....
w - Spectral Weapon       Hex/Chrm       ##......     24%         3    ###....


Dungeon Overview and Level Annotations

Branches:
Dungeon (3/15)

Altars:


Message History

A magic dart appears from out of thin air!
The magic dart hits you!
* * * LOW HITPOINT WARNING * * *
You take 8 damage, and have 5/29 hp.
MASSIVE DAMAGE!!
Casting: Shroud of Golubria
Confirm with . or Enter, or press ? or * to list all spells.
Your skin crawls.
Something hits you but does no damage. The orc closely misses you.
You now have 2/11 mp.
Casting: Regeneration
Confirm with . or Enter, or press ? or * to list all spells.
You miscast Shroud of Golubria.
You are very lightly contaminated with residual magic.
Waves of light ripple over your body.
You hear some strange, mumbled words.
A magic dart appears from out of thin air!
The magic dart hits you!
* * * LOW HITPOINT WARNING * * *
The orc hits you with a mace.
You die...

# ....###.# #.#.###.. #.
# #..#..# #....##.. ##.##
##.#.#####....###.
..<..###.............# ##
#......#.##.######...# #
.#...................# #
.......#.#...........# #
..)...oo....######.### #
.#....o#@......###.######
#...$.#.<.###.##.<.....)
###.###.................
#. ....#######.###### ..
#.### #[# . #.# #.# ##
#.. ).# ... ..# ###


You could see 2 orcs.

Vanquished Creatures
  An orc wizard (D:3)
  3 adders
  An ooze (D:1)
  2 worms
  3 leopard geckos
  An orc (D:3)
  2 ball pythons (D:1)
  6 bats
  5 giant cockroaches
  6 goblins
  4 hobgoblins
  2 jackals (D:3)
  3 frilled lizards
  6 kobolds
  5 rats
50 creatures vanquished.

Notes
Turn   | Place    | Note
-------+----------+-------------------------------------------
     0 | D:1      | beholder the High Elf Skald began the quest for the Orb.
     0 | D:1      | Reached XP level 1. HP: 14/14 MP: 4/4
   277 | D:1      | Reached skill level 4 in Charms
   283 | D:1      | Reached XP level 2. HP: 19/19 MP: 1/6
   296 | D:1      | Learned a level 2 spell: Song of Slaying
   299 | D:1      | Learned a level 2 spell: Shroud of Golubria
   689 | D:2      | Reached XP level 3. HP: 24/24 MP: 3/8
   816 | D:2      | Learned a level 3 spell: Regeneration
  1469 | D:3      | Reached XP level 4. HP: 29/29 MP: 5/10
  1507 | D:3      | Learned a level 3 spell: Spectral Weapon
  1600 | D:3      | Reached skill level 5 in Charms
  1611 | D:3      | Slain by an orc

Skill      XL: |  1  2  3  4 |
---------------+-------------+-----
Charms         | 4 5 |  5.6
Spellcasting   | 3 4 |  4.0
Fighting       | |  2.0
Long Blades    | |  2.4
Armour         | |  0.8
Dodging        | |  1.1

Action                   |  1- 3 |  4- 6 || total
-------------------------+-------+-------++-------
Melee: Falchion          |   106 |    30 ||   136
 Cast: Infusion          |     9 |     1 ||    10
       Shroud of Golubri |     4 |     1 ||     5
       Song of Slaying   |     1 |     1 ||     2
       Regeneration      |       |     2 ||     2
       Spectral Weapon   |       |     1 ||     1
  Use: Scroll            |     1 |       ||     1
  Eat: Chunk             |     2 |     1 ||     3
Armor: Leather armour    |    27 |    12 ||    39
       Robe              |     1 |       ||     1
Dodge: Dodged            |    76 |    15 ||    91
       Rpst.: Falchion   |    26 |     5 ||    31
